 Dungeon Crawl Stone Soup version 0.30-a0-782-ge64f9170bb (webtiles) character file.

Game seed: 1308095855388408084

0 mopl the Vexing (level 1, 0/10 HPs)
             Began as a Deep Elf Enchanter on Mar 13, 2023.
             Slain by a ball python (3 damage)
             ... on level 1 of the Dungeon.
             The game lasted 00:00:08 (77 turns).

mopl the Vexing (Deep Elf Enchanter)                  Turns: 77, Time: 00:00:08

Health: 0/10       AC:  2    Str:  5    XL:     1   Next: 8%
Magic:  6/6        EV: 12    Int: 19    God:
Gold:   0          SH:  0    Dex: 15    Spells: 6/6 levels left

rFire   . . .      SeeInvis .    a - +1 dagger
rCold   . . .      Faith    .    (no shield)
rNeg    . . .      Spirit   .    b - +0 robe
rPois   .          Reflect  .    (no helmet)
rElec   .          Harm     .    (no cloak)
rCorr   .          Rampage  .    (no gloves)
Will    .....                    (no boots)
Stlth   ++                       (no amulet)
HPRegen 0.21/turn                (no ring)
MPRegen 0.10/turn                (no ring)

@: no status effects
A: no striking features
a: no special abilities


You were on level 1 of the Dungeon.
You visited 1 branch of the dungeon, and saw 1 of its levels.

Inventory:

Hand Weapons
 a - a +1 dagger (weapon)
Armour
 b - a +0 robe (worn)
Scrolls
 d - a scroll of poison {unknown}
 e - a scroll of identify {unknown}
Potions
 c - 2 potions of invisibility


   Skills:
 + Level 1.0 Short Blades
 - Level 2.4 Dodging
 + Level 3.6 Stealth
 + Level 3.0 Spellcasting
 + Level 4.0 Hexes


You had 6 spell levels left.
You didn't know any spells.
Your spell library contained the following spells:

 Spells                   Type           Power      Damage    Failure   Level
 Confusing Touch          Hex            18%        N/A       9%          3
 Tukima's Dance           Hex            18%        N/A       9%          3
 Ensorcelled Hibernation  Hex/Ice        20%        N/A       10%         2
 Dazzling Flash           Conj/Hex       20%        N/A       21%         3


Dungeon Overview and Level Annotations

Branches:
Dungeon (1/15)

Altars:

Shops:
D:1 !


Message History

Found an escape hatch in the floor.
There is an open door here.
There is a dry fountain here.
You open the door.
There is an open door here.
A bat comes into view.
Found a scroll labelled KEFEJU SUMELORCHIX.
Found a scroll labelled XONIAMYIDA.
You see here a scroll labelled KEFEJU SUMELORCHIX.
The helpless bat fails to defend itself.
You puncture the bat!
You kill the bat!
No target in view!
d - a scroll labelled KEFEJU SUMELORCHIX
e - a scroll labelled XONIAMYIDA You open the door.
There is an open door here.
There is an open door here. 2 ball pythons and a hobgoblin come into view.
The hobgoblin shouts!
The ball python hisses angrily.
The hobgoblin moves out of view.
There are monsters nearby!
A ball python comes into view.
The ball python hisses angrily.
Found Fimpat's Distillery.
A ball python comes into view.
The hobgoblin hits you.
You hit the ball python but do no damage.
The hobgoblin misses you. The ball python bites you. The ball python grabs you.
The ball python constricts you.
You escape the ball python's grasp.
The hobgoblin attacks as you move away!
The hobgoblin hits you but does no damage.
The ball python barely misses you. The ball python closely misses you.
The ball python barely misses you. The ball python closely misses you.
You closely miss the ball python. The hobgoblin hits you.
* * * LOW HITPOINT WARNING * * *
The ball python bites you.
You die...

.# ∩. ... # ### #
.. ##..#.### #. ..
#+#........ #.#
.###..$.S..... #...
..#..S.......
#.#.###.#.###.#.#.#
#.......#Sg@S......
..........#######..
# ######..#.......
#.######..#.######
#...........#
####.########
###...###
####...#...####
#....#####....###


You could see a hobgoblin and 2 ball pythons.

Vanquished Creatures
  A bat (D:1)
1 creature vanquished.

Notes
Turn   | Place    | Note
-------+----------+-------------------------------------------
     0 | D:1      | mopl the Deep Elf Enchanter began the quest for the Orb.
     0 | D:1      | Reached XP level 1. HP: 10/10 MP: 6/6
    71 | D:1      | Found Fimpat's Distillery.
    77 | D:1      | Slain by a ball python

Illustrated notes

Levels and vault maps discovered:
D:1:      minmay_arrival_split_and_join, layout_basic, serial_shops,
          nicolae_shop_hallway_plus

Action                     || total
---------------------------++-------
  Melee: Dagger            ||     3
   Stab: Sleeping          ||     1
 Armour: Robe              ||     1
  Dodge: Dodged            ||     5

Table legend: (Time is in decaauts)
 A = Elapsed time spent in this place.
 B = Non-inter-level travel time spent in this place.
 C = Inter-level travel time spent in this place.
 D = Time resting spent in this place.
 E = Time spent auto-exploring this place.
 F = Levels seen in this place.
 G = Mean time per level.
                   A        B        C        D        E       F      G
               +--------+--------+--------+--------+--------+-----+--------+
         Total |     76 |     76 |      0 |      0 |     62 |   1 |   76.0 |
       Dungeon |     76 |     76 |      0 |      0 |     62 |   1 |   76.0 |
               +--------+--------+--------+--------+--------+-----+--------+

Top non-repeatable levels by time:
     D:1: 76 daAuts
